 Dungeon Sprint DCSS version 0.17-b1-36-g7b1967c (webtiles) character file.

1614 hexophile the Cleaver (level 8, -4/52 HPs)
             Began as a Vine Stalker Berserker on Nov 6, 2015.
             Was the Champion of Trog.
             Slain by a shadow wraith (5 damage)
             ... in the Dungeon (Sprint VII: "The Pits").
             The game lasted 00:03:25 (643 turns).

hexophile the Cleaver (Vine Stalker Berserker)       Turns: 643, Time: 00:03:25

Health: -4/52      AC: 18    Str: 25    XL:     8   Next: 95%
Magic:  0/9        EV:  7    Int:  7    God:    Trog [******]
Gold:   0          SH:  0    Dex: 14    Spells: 0 memorised, 7 levels left

rFire  . . .     SeeInvis .     u - +8 whip "Snakebite" {curare, rPois}
rCold  . . .     Clarity  .     x - +3 plate armour
rNeg   . . .     SustAt   .     (no shield)
rPois  +         Gourm    .     v - +0 helmet
rElec  .         Spirit   +     (no cloak)
rCorr  .         Warding  .     (no gloves)
rMut   .         NoTele   +     w - +0 pair of boots
MR     +....                    (no amulet)
Stlth  ..........               q - +3 ring of strength
                                y - +3 ring of protection

@: very slightly contaminated, hasted and slowed, invisible, somewhat resistant
to hostile enchantments, extremely unstealthy
A: fangs 3, regeneration 2, magic shield, antimagic bite, no device heal 3, rot
immunity
a: Berserk, Trog's Hand, Brothers in Arms, Burn Spellbooks, Renounce Religion


You were in the Dungeon.
You worshipped Trog.
Trog was exalted by your worship.
You were hungry.

You visited 1 branch


Innate Abilities, Weirdness & Mutations

You have razor-sharp teeth.
You heal very quickly.
When hurt, damage is shared between your health and your magic reserves.
Your bite disrupts and absorbs the magic of your enemies.
Potions and wands cannot restore your health.
You are immune to rotting.

Inventory:

Hand Weapons
 p - a +1 hand axe of freezing
 u - the +8 whip "Snakebite" (weapon) {curare, rPois}
   (You found it in the Dungeon)

   It poisons the flesh of those it strikes.
   It protects you from poison.
Armour
 v - a +0 helmet (worn)
 w - a +0 pair of boots (worn)
 x - a +3 plate armour (worn)
Jewellery
 q - a +3 ring of strength (right hand)
 y - a +3 ring of protection (left hand)
Scrolls
 i - a scroll of blinking
 l - 3 scrolls of remove curse
 m - a scroll of summoning
 n - 2 scrolls of vulnerability
Potions
 d - 7 potions of curing
 g - 4 potions of magic
 h - 4 potions of berserk rage
 k - a potion of invisibility
 o - a potion of might {Str+5 DMG+1d10}
 s - 4 potions of brilliance {Archmagi Int+5 Wiz++}
 t - a potion of cure mutation {!q}
Comestibles
 a - 7 chunks of flesh
 c - 40 fruits
 j - 7 meat rations
 r - 8 bread rations


You had 7 spell levels left.
You didn't know any spells.


   Skills:
 * Level 11.3 Fighting
 * Level 13.7 Axes
 - Level 1.5 Armour
 - Level 1.5 Dodging

Dungeon Overview and Level Annotations

Branches:
Dungeon (1/1)

Altars:
Dithmenos
Kikubaaqudgha
Makhleb
Nemelex Xobeh
Ru
Sif Muna
Trog
Xom
Yredelemnul
Zin
The Shining One
Jiyva
Lugonu

Vault maps used:
D:        pitsprint
There     were no monsters in sight!


Message History

You drain its power.
You feel invigorated.
You kill the fire bat!
Trog accepts your kill. Something hits you.
Deactivating autopickup; reactivate with Ctrl-A.
You lost 2 HP.
You have now: 44/52 HP.
No target in view!
Unknown command.
Something hits you.
You lost 4 HP.
You have now: 40/52 HP.
Something hits you. Something drains your vigour!
You feel yourself slow down.
You lost 5 HP.
You have now: 35/52 HP.
There is a huge open gate to the Metal Vault (Medium) here.
Something hits you! Something drains your vigour!
You feel as though you will be slow longer.
There is a huge open gate to the Metal Vault (Medium), spattered with blood here. !MASSIVE DAMAGE!
YOU LOST 12 HP!
You have now: 24/52 HP.
Unknown command.
Drink which item? (? for menu, Esc to quit)
Okay, then.
Drop what? 24/52 slots (_ for help) (? for menu, Esc to quit)
You drop 12 potions of heal wounds.
Something hits you but does no damage. Something hits you.
Something drains your vigour!
You feel as though you will be slow longer.
You lost 2 HP.
You have now: 23/52 HP.
Unknown command.
Something hits you!
* * * LOW HITPOINT WARNING * * *
You lost 10 HP.
You have now: 13/52 HP.
Read which item? (? for menu, Esc to quit)
Okay, then.
Drink which item? (? for menu, Esc to quit)
You fade into invisibility!
Something hits you.
* * * LOW HITPOINT WARNING * * *
Something drains your vigour!
You feel as though you will be slow longer.
* * * LOW HITPOINT WARNING * * *
Something completely misses you.
You are very lightly contaminated with residual magic.
You lost 3 HP.
You have now: 10/52 HP.
Unknown command.
Drink which item? (? for menu, Esc to quit)
You feel yourself speed up. Something hits you!
* * * LOW MAGIC WARNING * * *
* * * LOW HITPOINT WARNING * * *
Something drains your vigour!
You feel as though you will be slow longer.
You die...

Action                   |  1- 3 |  4- 6 |  7- 9 || total
-------------------------+-------+-------+-------++-------
Melee: Hand axe          |    13 |    16 |    58 ||    87
       Whip              |       |       |     2 ||     2
Invok: Berserk           |     2 |     1 |     2 ||     5
       Trog's Hand       |       |     1 |     1 ||     2
  Use: Potion            |       |       |     2 ||     2
 Stab: Sleeping          |     1 |       |       ||     1
  Eat: Chunk             |       |       |     4 ||     4

Notes
Turn   | Place    | Note
--------------------------------------------------------------
     0 | D        | hexophile the Vine Stalker Berserker began the quest for the Orb.
     0 | D        | Reached XP level 1. HP: 11/11 MP: 2/2
    13 | D        | Reached skill level 4 in Axes
    13 | D        | Reached XP level 2. HP: 16/16 MP: 3/3
    22 | D        | Found a sacrificial altar of Ru.
    22 | D        | Found a basalt altar of Yredelemnul.
    22 | D        | Found a shadowy altar of Dithmenos.
    22 | D        | Found a deep blue altar of Sif Muna.
    22 | D        | Found a burning altar of Makhleb.
    22 | D        | Found a shimmering altar of Xom.
    22 | D        | Found an ancient bone altar of Kikubaaqudgha.
    22 | D        | Found a sparkling altar of Nemelex Xobeh.
    24 | D        | Found a bloodstained altar of Trog.
    24 | D        | Found a corrupted altar of Lugonu.
    24 | D        | Found a viscous altar of Jiyva.
    34 | D        | Found a glowing golden altar of the Shining One.
    34 | D        | Found a glowing silver altar of Zin.
    48 | D        | Noticed a worker ant
    54 | D        | Killed a worker ant
    54 | D        | Reached ** piety under Trog
    54 | D        | Reached skill level 6 in Axes
    54 | D        | Reached XP level 3. HP: 7/19 MP: 4/4
   125 | D        | Noticed a brain worm
   129 | D        | Killed a brain worm
   129 | D        | Reached *** piety under Trog
   129 | D        | Reached skill level 8 in Axes
   129 | D        | Reached XP level 4. HP: 23/23 MP: 5/5
   157 | D        | Reached skill level 9 in Axes
   157 | D        | Reached XP level 5. HP: 27/27 MP: 6/6
   292 | D        | Noticed a flying skull
   292 | D        | Noticed a crimson imp
   293 | D        | Noticed an ogre
   293 | D        | Noticed a sky beast
   299 | D        | Killed a flying skull
   299 | D        | Reached skill level 6 in Fighting
   299 | D        | Reached skill level 10 in Axes
   299 | D        | Gained mutation: You heal very quickly. [Vine Stalker growth]
   299 | D        | Reached XP level 6. HP: 36/36 MP: 5/7
   300 | D        | Reached **** piety under Trog
   302 | D        | Killed a sky beast
   302 | D        | Reached skill level 7 in Fighting
   302 | D        | Reached skill level 11 in Axes
   304 | D        | Killed an ogre
   304 | D        | Reached XP level 7. HP: 40/42 MP: 8/8
   304 | D        | Killed a crimson imp
   304 | D        | Reached skill level 8 in Fighting
   352 | D        | Reached ***** piety under Trog
   355 | D        | Noticed a gargoyle
   364 | D        | Killed a gargoyle
   364 | D        | Reached skill level 9 in Fighting
   364 | D        | Reached skill level 12 in Axes
   410 | D        | Noticed Edmund
   410 | D        | Noticed a black bear
   410 | D        | Noticed an ice beast
   424 | D        | Killed an ice beast
   424 | D        | Gained mutation: You have razor-sharp teeth. [Vine Stalker growth]
   424 | D        | Reached XP level 8. HP: 46/50 MP: 9/9
   427 | D        | Killed a black bear
   427 | D        | Reached skill level 10 in Fighting
   437 | D        | Killed Edmund
   448 | D        | Noticed a gnoll shaman
   448 | D        | Noticed a ynoxinul
   450 | D        | Received a gift from Trog
   460 | D        | Noticed a fire bat
   463 | D        | Reached skill level 13 in Axes
   469 | D        | Killed a ynoxinul
   472 | D        | Killed a gnoll shaman
   473 | D        | Killed a fire bat
   473 | D        | Reached skill level 11 in Fighting
   628 | D        | Noticed a fire bat
   634 | D        | Killed a fire bat
   634 | D        | Reached ****** piety under Trog
   643 | D        | HP: 1/52 [something (9)]
   643 | D        | Slain by a shadow wraith

Table legend:
 A = Turns spent in this place as a percentage of turns spent in the entire game.
 B = Non-inter-level travel turns spent in this place as a percentage of non-inter-level travel turns spent in the entire game.
 C = Inter-level travel turns spent in this place as a percentage of turns spent in this place.
 D = Turns resting spent in this place as a percentage of non-inter-level travel turns spent in this place.
 E = Turns spent auto-exploring this place as a percentage of non-inter-level travel turns spent in this place.
 F = Non-inter-level travel turns spent in this place divided by the number of levels of this place that you've seen.
                   A       B       C       D       E      F
               +-------+-------+-------+-------+-------+----------------------
         Total | 100.0 | 100.0 |   0.2 |   8.3 |   0.0 | 436.0
       Dungeon | 100.0 | 100.0 |   0.2 |   8.3 |   0.0 | 436.0
               +-------+-------+-------+-------+-------+----------------------

Table legend:
 A = Kills in this place as a percentage of kills in entire the game.
 B = Kills by you in this place as a percentage of kills by you in the entire game.
 C = Kills by friends in this place as a percentage of kills by friends in the entire game.
 D = Other kills in this place as a percentage of other kills in the entire game.
 E = Experience gained in this place as a percentage of experience gained in the entire game.
 F = Experience gained in this place divided by the number of levels of this place that you have seen.
                   A       B       C       D       E      F
               +-------+-------+-------+-------+-------+----------------------
         Total | 100.0 | 100.0 |  -nan |  -nan | 100.0 | 2306.0
       Dungeon | 100.0 | 100.0 |  -nan |  -nan | 100.0 | 2306.0
               +-------+-------+-------+-------+-------+----------------------

Vanquished Creatures
  A gargoyle (D)
  A flying skull (D)
  A ynoxinul (D)
  2 fire bats (D)
  Edmund (D)
  A black bear (D)
  A sky beast (D)
  An ice beast (D)
  An ogre (D)
  A brain worm (D)
  A crimson imp (D)
  A gnoll shaman (D)
  A worker ant (D)
  A mummy (D)
  3 gnolls (D)
  A giant eyeball (D)
  A giant gecko (D)
  A bat skeleton (D)
  2 giant cockroaches (D)
  A quokka (D)
  A ball python (D)
  A giant cockroach zombie (D)
  2 goblins (D)
  A rat (D)
29 creatures vanquished.
